 Dungeon Crawl Stone Soup version 0.21-a0-94-gdd6ab6a (webtiles) character file.

9293 Gorglomux the Severer (level 11, 0/148 HPs)
             Began as a Hill Orc Gladiator on July 1, 2017.
             Was a High Priest of Okawaru.
             Slain by a warg (9 damage)
             ... on level 10 of the Dungeon.
             The game lasted 00:10:20 (9840 turns).

Gorglomux the Severer (Hill Orc Gladiator)          Turns: 9840, Time: 00:10:20

Health: 0/148      AC: 25    Str: 21    XL:     11   Next: 44%
Magic:  11/11      EV:  2    Int:  5    God:    Okawaru [*****.]
Gold:   685        SH:  7    Dex: 12    Spells: 10/10 levels left

rFire    . . .     SeeInvis .   a - +0 war axe
rCold    . . .     Gourm    .   U - +0 shield
rNeg     + + +     Faith    +   (armour currently unavailable)
rPois    +         Spirit   .   (helmet currently unavailable)
rElec    .         Reflect  .   (cloak currently unavailable)
rCorr    .         Harm     .   (gloves currently unavailable)
MR       .....     NoTele   +   (boots currently unavailable)
Stlth    +.........             q - amulet of faith
HPRegen  0.34/turn              L - -3 ring of intelligence (curse)
MPRegen  0.12/turn              (no ring)

@: tree-form
A: no striking features
a: Heroism, Finesse, Renounce Religion, Convert to Beogh


You were on level 10 of the Dungeon.
You worshipped Okawaru.
Okawaru was extremely pleased with you.
You were hungry.
You were a tree.
You visited 2 branches of the dungeon, and saw 11 of its levels.
You also visited: Sewer.

You collected 685 gold pieces.

Inventory:

Hand Weapons
 a - a +0 war axe (weapon)
 b - a +2 hand axe of flaming
Missiles
 Z - 3 throwing nets (quivered)
Armour
 n - a +2 hat (melded)
 M - a +4 chain mail (melded)
 U - a +0 shield (worn)
Jewellery
 q - an amulet of faith (around neck)
 r - an uncursed amulet of regeneration
 s - an uncursed ring of see invisible
 L - a cursed -3 ring of intelligence (left branch)
Wands
 A - a wand of acid (11/15)
 C - a wand of confusion (19/48)
 I - a wand of iceblast (6/15)
 S - a wand of scattershot (4/9)
Scrolls
 t - 2 scrolls of enchant weapon {unknown}
 v - 2 scrolls of immolation
 w - 2 scrolls of recharging
 F - a scroll of noise {unknown}
 J - a scroll of enchant armour
 K - 3 scrolls of blinking {unknown}
 T - 3 scrolls of teleportation
 V - 5 scrolls of remove curse
 X - 2 scrolls of fog {unknown}
 Y - a scroll of magic mapping {unknown}
Potions
 m - a potion of cancellation
 o - 2 potions of ambrosia
 p - 4 potions of haste
 u - a potion of invisibility
 x - a potion of magic
 B - a potion of agility
 E - 2 potions of mutation {!q}
 H - a potion of resistance
 N - a potion of might
 O - 2 potions of brilliance
 P - 3 potions of lignification
 Q - 4 potions of curing
Miscellaneous
 W - a lightning rod (1/4)
Comestibles
 f - 5 bread rations
 y - 13 fruits
 z - 9 meat rations
 D - 8 royal jellies
 R - 5 chunks of flesh


   Skills:
 - Level 10.0 Fighting
 + Level 18.8 Axes
 - Level 1.7 Throwing
 - Level 2.4 Dodging


You had 10 spell levels left.
You didn't know any spells.

Dungeon Overview and Level Annotations

Branches:
Dungeon (10/15)            Temple (1/1) D:7            Lair (0/6) D:10
    Orc: D:9-12

Altars:
Ashenzari
Cheibriados
Dithmenos
Elyvilon
Fedhas
Gozag
Hepliaklqana
Kikubaaqudgha
Makhleb
Nemelex Xobeh
Okawaru
Qazlal
Ru
Sif Muna
Trog
Uskayaw
Vehumet
Wu Jian
Xom
Yredelemnul
Zin
The Shining One


Message History

You block the orc's attack. The warg bites you but does no damage.
You barely miss the two-headed ogre.
The two-headed ogre is severely wounded.
You hit the orc.
Your shield prevents you from hitting the orc priest.
You hit the warg.
The orc priest hits you but does no damage.
The orc barely misses you.
You slash the two-headed ogre!
The two-headed ogre is almost dead.
You closely miss the warg. You hit the orc priest.
The orc priest threatens, "By the altar or by the axe, you will meet Beogh!"
Your shield prevents you from hitting the orc.
The orc priest threatens, "By the altar or by the axe, you will meet Beogh!"
The warg bites you but does no damage.
The two-headed ogre hits you with a giant spiked club!
* * * LOW HITPOINT WARNING * * *
The two-headed ogre hits you but does no damage.
The warg bites you!
You die...

... ###o...####
#.####...####
#..##..### ####....##
#####......###########
...........#.........
#.........^.########
#..oo......##
#..♣h......#
#.)oO......#
#..........#
##........##
#).....)...#
#..........#
#....<.....#
#..........#
#..........#


You could see a two-headed ogre, a warg, 2 orc priests and an orc.

Vanquished Creatures
  A hydra (D:8)
  3 two-headed ogres
  A centaur warrior (D:8)
  An ugly thing (D:7)
  A cyclops (D:7)
  Joseph (D:7)
  Prince Ribbit (D:6)
  A hornet (D:8)
  2 dream sheep (D:8)
  2 yaks (D:8)
  A steam dragon (D:8)
  A warg (D:10)
  2 insubstantial wisps (D:8)
  3 orc warriors (D:8)
  2 sky beasts
  2 phantoms
  An ice beast (D:7)
  A necrophage (D:7)
  3 ogres
  6 centaurs
  3 big kobolds (D:8)
  3 bullfrogs
  A wyvern skeleton (D:8)
  A scorpion (D:7)
  A water moccasin skeleton (D:6)
  A howler monkey (D:6)
  2 crimson imps (D:6)
  A gnoll shaman (D:7)
  6 orc priests
  A jelly (D:9)
  2 bullfrog skeletons (D:7)
  A centaur skeleton (D:4)
  2 hounds (D:9)
  Jessica (D:2)
  Terence (D:2)
  2 iguanas
  8 orc wizards
  9 worker ants
  A hound zombie (D:6)
  A hound skeleton (D:7)
  A worker ant zombie (D:8)
  3 gnolls (D:7)
  10 adders
  A shadow imp (D:5)
  An ooze (D:2)
  An adder skeleton (D:8)
  4 worms
  4 dart slugs
  6 leopard geckos
  36 orcs
  6 ball pythons
  13 giant cockroaches
  3 goblins
  7 hobgoblins
  8 jackals
  2 quokkas
  7 bats
  6 frilled lizards
  2 jackal skeletons
  2 kobolds (D:3)
  A leopard gecko skeleton (D:6)
  A leopard gecko zombie (D:8)
  A quokka skeleton (D:4)
  6 rats
216 creatures vanquished.

Vanquished Creatures (others)
  A sky beast (D:8)
1 creature vanquished.

Grand Total: 217 creatures vanquished

Notes
Turn   | Place    | Note
-------+----------+-------------------------------------------
     0 | D:1      | Gorglomux the Hill Orc Gladiator began the quest for the Orb.
     0 | D:1      | Reached XP level 1. HP: 18/18 MP: 1/1
    85 | D:1      | Reached XP level 2. HP: 21/25 MP: 2/2
   215 | D:1      | Reached skill level 3 in Fighting
   427 | D:1      | Reached XP level 3. HP: 29/31 MP: 3/3
   580 | D:1      | Reached skill level 5 in Axes
  1125 | D:2      | Reached XP level 4. HP: 40/40 MP: 4/4
  1144 | D:2      | Found an opulent altar of Gozag.
  1218 | D:2      | Noticed Terence
  1220 | D:2      | Noticed Jessica
  1228 | D:2      | Killed Jessica
  1236 | D:2      | Killed Terence
  1472 | D:3      | Reached skill level 6 in Axes
  1482 | D:3      | Reached XP level 5. HP: 33/47 MP: 5/5
  1982 | D:4      | Found a glowing drain.
  2019 | D:4      | Reached XP level 6. HP: 54/56 MP: 6/6
  2039 | Sewer    | Entered a sewer
  2274 | Sewer    | Reached skill level 7 in Axes
  2533 | D:4      | Noticed a phantom
  2569 | D:4      | Killed a phantom
  2569 | D:4      | Reached skill level 6 in Fighting
  2569 | D:4      | Reached XP level 7. HP: 50/63 MP: 7/7
  2678 | D:4      | Reached skill level 8 in Axes
  2945 | D:5      | Entered Level 5 of the Dungeon
  3310 | D:5      | Reached skill level 9 in Axes
  3511 | D:5      | Reached XP level 8. HP: 27/74 MP: 8/8
  4135 | D:6      | Reached skill level 10 in Axes
  4296 | D:6      | Noticed Prince Ribbit
  4305 | D:6      | Killed Prince Ribbit
  4305 | D:6      | Reached skill level 9 in Fighting
  4477 | D:6      | Reached XP level 9. HP: 70/84 MP: 9/9
  4482 | D:6      | Reached skill level 11 in Axes
  4731 | D:7      | Found a staircase to the Ecumenical Temple.
  4780 | Temple   | Entered the Ecumenical Temple
  4957 | Temple   | Became a worshipper of Warmaster Okawaru
  5664 | D:7      | Reached skill level 12 in Axes
  5682 | D:7      | Noticed Joseph
  5701 | D:7      | Killed Joseph
  5701 | D:7      | Reached * piety under Okawaru
  6042 | D:7      | Reached skill level 13 in Axes
  6268 | D:8      | Noticed a cyclops
  6268 | D:8      | Noticed a purple ugly thing
  6269 | D:8      | Noticed a centaur warrior
  6428 | D:7      | Killed a cyclops
  6428 | D:7      | Reached ** piety under Okawaru
  6435 | D:7      | Killed a purple ugly thing
  6435 | D:7      | Reached skill level 14 in Axes
  6435 | D:7      | Reached XP level 10. HP: 25/93 MP: 7/10
  6720 | D:8      | Killed a centaur warrior
  6720 | D:8      | Reached *** piety under Okawaru
  6720 | D:8      | Reached skill level 15 in Axes
  7194 | D:8      | Found a sacrificial altar of Ru.
  7211 | D:8      | Noticed a two-headed ogre
  7212 | D:8      | Noticed a two-headed ogre
  7232 | D:8      | Killed a two-headed ogre
  7232 | D:8      | Reached **** piety under Okawaru
  7232 | D:8      | Reached skill level 16 in Axes
  7527 | D:8      | Killed a two-headed ogre
  7527 | D:8      | Reached skill level 17 in Axes
  7955 | D:8      | Found a glowing golden altar of the Shining One.
  7979 | D:8      | Received a gift from Okawaru
  8026 | D:8      | Reached XP level 11. HP: 79/99 MP: 8/11
  8040 | D:8      | Reached ***** piety under Okawaru
  8280 | D:8      | Noticed a three-headed hydra
  8284 | D:8      | Killed a one-headed hydra
  8284 | D:8      | Reached skill level 18 in Axes
  8858 | D:9      | Noticed a two-headed ogre
  8874 | D:9      | Killed a two-headed ogre
  9395 | D:9      | Found a glowing golden altar of the Shining One.
  9749 | D:10     | Entered Level 10 of the Dungeon
  9786 | D:10     | Noticed a two-headed ogre
  9789 | D:10     | Found a staircase to the Lair.
  9840 | D:10     | Slain by a warg

Vault maps used:
D:1:      matt_arrival_spirals
D:2:      first_bread, nicolae_gozag_seed_capital, uniq_terence, uniq_jessica
D:4:      cheibrodos_sewer_entry_drain
D:6:      uniq_prince_ribbit1
D:7:      minmay_temple_entry_glass, uniq_joseph
D:8:      minmay_bloctagon_deflated, kennysheep_mini, basic_altar, serial_glass,
          glass_columns_a, glass_columns_a, hangedman_ranch,
          hangedman_misty_isle
D:9:      tso_metal_star
D:10:     erik_lair_orcish_takeover, orc_0_dummy,
          hangedman_abyss_or_decor_stabs, uniq_harold
Temple:   roderic_octagonal_lattice_temple
Sewer:    sewer_frog_island_01

Skill      XL: |  1  2  3  4  5  6  7  8  9 10 11 |
---------------+----------------------------------+-----
Fighting       | 3 4 5 6 7 9 10 | 10.0
Axes           | 5 6 7 9 10 14 17 18 | 18.8
Throwing       | |  1.7
Dodging        | |  2.4

Action                   |  1- 3 |  4- 6 |  7- 9 | 10-12 || total
-------------------------+-------+-------+-------+-------++-------
Melee: War axe           |    91 |   205 |   328 |   154 ||   778
       Hand axe          |       |       |       |    50 ||    50
Invok: Heroism           |       |       |     2 |     9 ||    11
Evoke: Lightning rod     |       |     4 |     4 |     3 ||    11
       Wand              |       |       |       |     2 ||     2
  Use: Scroll            |       |     5 |     6 |    10 ||    21
       Potion            |       |       |       |     4 ||     4
  Eat: Chunk             |     1 |     5 |    13 |     5 ||    24
       Meat ration       |       |       |       |     1 ||     1
Armor: Leather armour    |    24 |       |       |       ||    24
       Chain mail        |    10 |   192 |   195 |    73 ||   470
       Skin              |       |       |       |    12 ||    12
Dodge: Dodged            |    49 |    55 |    77 |    30 ||   211
Block: Shield            |    12 |    89 |   118 |    72 ||   291
